 Dungeon Crawl Stone Soup version 0.31.0-12-g77e489cdc1 (webtiles) character file.

Game seed: 4204344761715975794

31 Silvore the Trooper (level 3, 0/29 HPs)
             Began as a Demonspawn Fighter on Feb 17, 2024.
             Slain by a ribbon worm (4 damage)
             ... on level 2 of the Dungeon.
             The game lasted 00:00:58 (846 turns).

Silvore the Trooper (Demonspawn Fighter)             Turns: 846, Time: 00:00:59

Health: 0/29       AC:  6    Str: 18    XL:     3   Next: 7%
Magic:  3/3        EV:  5    Int:  8    God:
Gold:   72         SH:  0    Dex: 12    Spells: 2/2 levels left

rFire   . . .        a - +0 long sword
rCold   . . .        c - +0 buckler
rNeg    . . .        b - +0 scale mail
rPois   .            (no helmet)
rElec   .            (no cloak)
rCorr   .            (no gloves)
SInv    .            (no boots)
Will    .....        (no amulet) Stlth
                     (no ring)
HPRegen 0.24/turn    (no ring)
MPRegen 0.08/turn

%: no passive effects
@: mighty, held
A: powered by death 1
a: no special abilities


You were on level 2 of the Dungeon.
You visited 1 branch of the dungeon, and saw 2 of its levels.

You collected 72 gold pieces.

Inventory:

Hand Weapons
 a - a +0 long sword (weapon)
Armour
 b - a +0 scale mail (worn)
 c - a +0 buckler (worn)
Scrolls
 g - a scroll of blinking {unknown}
Potions
 f - 3 potions of curing {unknown}
 h - a potion of ambrosia {unknown}


   Skills:
 + Level 3.2 Fighting
 + Level 2.3 Long Blades
 + Level 3.0 Armour
 + Level 0.1 Dodging
 + Level 2.8 Shields


You had 2 spell levels left.
You didn't know any spells.
Your spell library contained the following spells:

 Spells                   Type           Power      Damage    Failure   Level
 Jinxbite                 Hex            0%         N/A       95%         2
 Olgreb's Toxic Radiance  Alch           0%         N/A       100%        4
 Yara's Violent Unravell  Hex/Alch       0%         3d3       100%        5
 Enfeeble                 Hex            0%         N/A       100%        7
 Ozocubu's Refrigeration  Ice            0%         4d7       100%        7
 Discord                  Hex            0%         N/A       100%        8


Dungeon Overview and Level Annotations

Branches:
Dungeon (2/15)

Altars:


Innate Abilities, Weirdness & Mutations

You regenerate a little health from kills.


Message History

* * * LOW HITPOINT WARNING * * *
The goblin hits you but does no damage.
The web tears apart.
The ribbon worm bites you.
* * * LOW HITPOINT WARNING * * *
The ribbon worm bites you but does no damage.
The goblin hits you but does no damage.
Unknown command.
Okay, then.
You feel very mighty all of a sudden. The goblin closely misses you.
The ribbon worm bites you but does no damage.
You slash the goblin!
You kill the goblin!
The ribbon worm barely misses you.
You barely miss the ribbon worm.
The ribbon worm is lightly wounded.
The ribbon worm barely misses you.
The ribbon worm bites you but does no damage.
The ribbon worm expels a string of sticky webbing.
The stream of webbing hits you but does no damage.
You are caught in a web!
The ribbon worm bites you.
* * * LOW HITPOINT WARNING * * *
The web tears apart.
You hit the ribbon worm.
The ribbon worm is moderately wounded.
The ribbon worm bites you but does no damage.
A kobold comes into view. It is wielding a +0 short sword.
The ribbon worm barely misses you.
The kobold shouts!
You slash the ribbon worm!
The ribbon worm is almost dead.
The ribbon worm bites you but does no damage.
The ribbon worm expels a string of sticky webbing.
The stream of webbing hits you but does no damage.
You are caught in a web!
You struggle to detach yourself from the web.
The ribbon worm expels a string of sticky webbing.
The stream of webbing hits you but does no damage.
You are even more entangled.
The ribbon worm bites you.
You die...

### #.. ###.##
#####....##
%......wwK###############
......##@.####...###...##
..... #..###....###....#
./.. #..###....###....#
... #..##..#...#...#.. #.
##..#..##.....##.† #
##....###...###..
##...###...###..
#######...##### #######


You could see 2 ribbon worms and a kobold.

Vanquished Creatures
  A dart slug (D:1)
  5 endoplasms (D:1)
  3 goblins
  2 hobgoblins (D:1)
  2 jackals (D:1)
  A quokka (D:1)
  4 ball pythons (D:1)
  4 bats
  A frilled lizard (D:1)
  A kobold (D:1)
  3 rats
27 creatures vanquished.

Notes
Turn   | Place    | Note
-------+----------+-------------------------------------------
     0 | D:1      | Silvore the Demonspawn Fighter began the quest for the Orb.
     0 | D:1      | Reached XP level 1. HP: 18/18 MP: 1/1
   206 | D:1      | Gained mutation: You regenerate a little health from kills.
                  | [demonic ancestry]
   206 | D:1      | Reached XP level 2. HP: 18/24 MP: 2/2
   621 | D:1      | Reached XP level 3. HP: 27/29 MP: 3/3
   846 | D:2      | Slain by a ribbon worm

Illustrated notes

Levels and vault maps discovered:
D:1:      ldierk_walled_garden_2, layout_basic
D:2:      layout_loops_cross, hangedman_glass_teeth, minmay_statues_item

Skill      XL: |  1  2 |
---------------+-------+-----
Long Blades    | 2 |  2.3
Armour         | 3 |  3.0
Fighting       | |  3.2
Dodging        | |  0.1
Shields        | |  2.8

Action                     || total
---------------------------++-------
  Melee: Long sword        ||    89
    Use: Scroll            ||     1
         Potion            ||     1
 Armour: Scale mail        ||   113
  Dodge: Dodged            ||    55
  Block: Buckler           ||    24
